 Dungeon Crawl Stone Soup version 0.29.1-12-g30fa7ad0bf (webtiles) character file.

Game seed: 4970367702742515377

2 FaviusArthum the Conjurer (level 1, -1/10 HPs)
             Began as a Deep Elf Conjurer on Jan 10, 2023.
             Slain by a quokka (2 damage)
             ... on level 1 of the Dungeon.
             The game lasted 00:01:41 (80 turns).

FaviusArthum the Conjurer (Deep Elf Conjurer)         Turns: 80, Time: 00:01:41

Health: -1/10      AC:  2    Str:  4    XL:     1   Next: 25%
Magic:  0/6        EV: 12    Int: 22    God:
Gold:   0          SH:  0    Dex: 13    Spells: 5/6 levels left

rFire   . . .      SeeInvis .   (no weapon)
rCold   . . .      Faith    .   (no shield)
rNeg    . . .      Spirit   .   a - +0 robe
rPois   .          Reflect  .   (no helmet)
rElec   .          Harm     .   (no cloak)
rCorr   .          Rampage  .   (no gloves)
Will    .....                   (no boots)
Stlth   ++........              (no amulet)
HPRegen 0.03/turn               (no ring)
MPRegen 0.10/turn               (no ring)

@: very slightly contaminated
A: no striking features
a: no special abilities


You were on level 1 of the Dungeon.
You visited 1 branch of the dungeon, and saw 1 of its levels.

Inventory:

Missiles
 c - 2 javelins
 e - 5 silver boomerangs
Armour
 a - a +0 robe (worn)
Scrolls
 d - a scroll of enchant weapon {unknown}
Potions
 b - a potion of magic


   Skills:
 + Level 2.4 Dodging
 + Level 2.5 Stealth
 + Level 3.0 Spellcasting
 + Level 4.4 Conjurations


You had 5 spell levels left.
You knew the following spells:

 Your Spells              Type           Power      Damage    Failure   Level
a - Magic Dart            Conj           92%        1d7       1%          1

Your spell library contained the following spells:

 Spells                   Type           Power      Damage    Failure   Level
 Searing Ray              Conj           46%        2d6       3%          2
 Dazzling Flash           Conj/Hex       26%        N/A       16%         3
 Fulminant Prism          Conj/Hex       6%         3d7       45%         4
 Iskenderun's Mystic Bla  Conj/Tloc      13%        2d5       45%         4


Dungeon Overview and Level Annotations

Branches:
Dungeon (1/15)

Altars:


Message History

Aim: a quokka (moderately wounded, 100% to hit)
The magic dart hits the quokka but does no damage.
The quokka is moderately wounded.
The quokka closely misses you. The quokka attacks as you move away!
The quokka barely misses you. The quokka attacks as you move away!
The quokka bites you.
* * * LOW HITPOINT WARNING * * *
The quokka twitches its whiskers.
The quokka barely misses you. The quokka attacks as you move away!
The quokka bites you.
* * * LOW HITPOINT WARNING * * *
The quokka misses you.
Casting: Magic Dart (safe; 1% risk of failure)
Confirm with . or Enter, or press ? or * to list all spells.
Aiming: Magic Dart (safe; 1% risk of failure)
Press: ? - help, Shift-Dir - straight line, f/p - quokka
Aim: a quokka (100% to hit)
The magic dart hits the quokka.
The quokka is heavily wounded.
The quokka misses you. The quokka attacks as you move away!
The quokka bites you but does no damage.
The quokka closely misses you. The quokka attacks as you move away!
The quokka misses you.
Found a sling.
The quokka bites you but does no damage.
Casting: Magic Dart (safe; 1% risk of failure)
Confirm with . or Enter, or press ? or * to list all spells.
Aiming: Magic Dart (safe; 1% risk of failure)
Press: ? - help, Shift-Dir - straight line, f/p - quokka
Aim: a quokka (heavily wounded, 100% to hit)
You miscast Magic Dart.
You are very lightly contaminated with residual magic.
Nothing appears to happen.
The quokka barely misses you.
Found a leather armour.
You see here a +0 sling.
The quokka attacks as you move away! The quokka bites you.
* * * LOW HITPOINT WARNING * * *
The quokka attacks as you move away! The quokka bites you.
You die...

###### #....#
#.##.# #.##.#
########.##.#
#.....##..#.###
#r###.###.#..!+
#@# #.....#..##
#.# ######...#
#.# ##...## #.#
####..#.# #.#
#[......# [.#
#.....### #.#
#..##.#### #.#
#.. #....#
....#####.#


You could see a quokka.

Vanquished Creatures
  A ball python (D:1)
  A bat (D:1)
  A rat (D:1)
3 creatures vanquished.

Notes
Turn   | Place    | Note
-------+----------+-------------------------------------------
     0 | D:1      | FaviusArthum the Deep Elf Conjurer began the quest for the
                  | Orb.
     0 | D:1      | Reached XP level 1. HP: 10/10 MP: 6/6
     2 | D:1      | Noticed a gargoyle
     2 | D:1      | Noticed a naga
     4 | D:1      | Noticed a vine stalker
     5 | D:1      | Noticed a gargoyle
     7 | D:1      | Noticed a troll
     9 | D:1      | Noticed a barachi
    11 | D:1      | Noticed a dwarf
    11 | D:1      | Noticed a vine stalker
    13 | D:1      | Noticed a demonspawn
    13 | D:1      | Noticed an elf
    16 | D:1      | Noticed a draconian
    19 | D:1      | Noticed a dwarf
    19 | D:1      | Noticed a felid
    21 | D:1      | Noticed an elf
    21 | D:1      | Noticed a tengu
    23 | D:1      | Noticed a troll
    80 | D:1      | Slain by a quokka

Illustrated notes

Levels and vault maps discovered:
D:1:      shiori_arrival_whats_in_store_for_you, layout_basic

Action                   || total
-------------------------++-------
Melee: Unarmed           ||     1
 Cast: Magic Dart        ||     8
Armor: Robe              ||     5
Dodge: Dodged            ||    20
